 Dungeon Crawl Stone Soup version 0.13-a0-2640-geebf78d (webtiles) character file.

77948 JacquesDerrida the Destroyer (level 15, -8/81 HPs)
             Began as an Octopode Air Elementalist on Aug 6, 2013.
             Was the Champion of Sif Muna.
             Killed from afar by Nikola (23 damage)
             ... with a chain lightning
             ... on Level 15 of the Dungeon on Aug 7, 2013.
             The game lasted 02:40:39 (25946 turns).

JacquesDerrida the Destroyer (OpAE)                Turns: 25946, Time: 02:40:40

HP  -8/81        AC  5     Str 11      XL: 15   Next: 53%
MP   8/32        EV 15     Int 27      God: Sif Muna [******]
Gold 1448        SH  0     Dex 13      Spells:  8 memorised,  1 level left

Res.Fire  : + . .   See Invis. : .   W - +1,+8 war axe of the Ancient Seas {vamp, C Res.Cold : + . . Warding : . (no shield) Life Prot.: . . . Conserve : . q - +2 cap {Int+3}
Res.Poison: +       Res.Corr.  : .   A - amulet of the gourmand
Res.Elec. : .       Clarity    : .   z - ring of regeneration
Sust.Abil.: . .     Spirit.Shd : .   y - ring of regeneration
Res.Mut.  : .       Stasis     : .   M - cursed ring of sustenance
Res.Rott. : .       Flight     : .   E - +2 ring of protection
Gourmand  : +                        V - +3 ring of evasion
                                     C - ring of wizardry
                                     m - ring of protection from fire
                                     u - cursed +2 ring of intelligence

@: repel missiles, quick, quite resistant to hostile enchantments, stealthy
A: almost no armour, amphibious, 8 rings, constrict 8, camouflage 1, mutation
resistance 1, AC +1
a: Channel Energy, Forget Spell, Renounce Religion, Evoke Berserk Rage


You were on level 15 of the Dungeon.
You worshipped Sif Muna.
Sif Muna was exalted by your worship.
You were very full.

You visited 3 branches of the dungeon, and saw 24 of its levels.
You also visited: Labyrinth.

You collected 1530 gold pieces.
You spent 102 gold pieces at shops.

Inventory:

Hand weapons
 W - the +1,+8 war axe of the Ancient Seas (weapon) {vamp, Contam +Rage rPois rC+ MR+ Int+2 Stlth+}
   (You found it on level 6 of the Dungeon)

   It inflicts no extra harm, but heals its wielder somewhat when it strikes a
   living foe.
   It affects your intelligence (+2).
   It protects you from cold.
   It protects you from poison.
   It affects your resistance to hostile enchantments.
   It lets you go berserk.
   It causes magical contamination when unequipped.
   It makes you much more stealthy.
Missiles
 J - 4 curare-tipped needles
Armour
 q - a +2 cap of intelligence (worn)
Magical devices
 e - a wand of teleportation (1)
 g - a wand of paralysis (2) {unknown}
 j - a wand of teleportation (3)
 G - a wand of digging (11)
Comestibles
 a - 2 pears
 c - 6 bread rations
 k - a meat ration
 K - 2 chunks of giant frog flesh
Scrolls
 h - a scroll of enchant weapon I
 n - a scroll of identify
 o - 7 scrolls of remove curse
 r - a scroll of recharging
 v - 5 scrolls of summoning
 x - a scroll of teleportation
 D - 2 scrolls of magic mapping
Jewellery
 b - an uncursed ring of positive energy {unknown}
 i - the amulet "Eromein" {rCorr Stlth+}
   (You acquired it on level 13 of the Dungeon)

   [amulet of resist corrosion]

   It makes you much more stealthy.
 m - a ring of protection from fire (on tentacle)
 s - an uncursed ring of sustain abilities
 u - a cursed +2 ring of intelligence (on tentacle)
 y - a ring of regeneration (right tentacle)
 z - a ring of regeneration (left tentacle)
 A - an amulet of the gourmand (around mantle)
 B - an uncursed amulet of guardian spirit {unknown}
 C - a ring of wizardry (on tentacle)
 E - a +2 ring of protection (on tentacle)
 H - an uncursed amulet of inaccuracy {unknown}
 M - a cursed ring of sustenance (on tentacle)
 U - an uncursed amulet of guardian spirit {unknown}
 V - a +3 ring of evasion (on tentacle)
Potions
 d - 4 potions of curing
 f - a potion of speed
 l - a potion of heal wounds
 p - a potion of magic
 t - 3 potions of restore abilities
 F - 2 potions of brilliance
 I - a potion of might
Miscellaneous
 X - a lantern of shadows


   Skills:
 - Level 2.0 Dodging
 - Level 2.6 Stealth
 - Level 10.4 Spellcasting
 + Level 16.2 Conjurations
 - Level 4.0 Ice Magic
 + Level 15.3 Air Magic
 - Level 8.1 Poison Magic
 - Level 5.8 Invocations


You had one spell level left.
You knew the following spells:

 Your Spells              Type           Power        Failure   Level  Hunger
a - Shock                 Conj/Air       ####         0%          1    None
b - Repel Missiles        Chrm/Air       ######....   1%          2    None
c - Swiftness             Chrm/Air       ######....   1%          2    None
d - Flight                Chrm/Air       ######....   1%          3    None
e - Lightning Bolt        Conj/Air       #######...   1%          5    ###....
f - Chain Lightning       Conj/Air       #######...   22%         8    #######
h - Poisonous Cloud       Conj/Pois/Air  ######....   1%          6    #####..
i - Freezing Cloud        Conj/Ice/Air   ######....   3%          6    #####..


Dungeon Overview and Level Annotations

Branches:
Dungeon (15/27)            Temple (1/1) D:4             Orc (0/4) D:8
   Lair (8/8) D:11         Shoals (0/5) Lair:3        Snake (0/5) Lair:4
  Slime (0/6) Lair:6
 Vaults: D:15-20

Altars:
Ashenzari
Cheibriados
Elyvilon
Fedhas
Kikubaaqudgha
Makhleb
Nemelex Xobeh
Okawaru
Sif Muna
Trog
Vehumet
Xom
Yredelemnul
Zin
the Shining One

Shops:
D:8: * D:14: !

Portals:
Hell: Lair:8

Annotations
D:15 Nikola


Innate Abilities, Weirdness & Mutations

You cannot wear most types of armour.
You are amphibious.
You can wear up to eight rings at the same time.
You can use your tentacles to constrict many enemies at once.
Your skin changes colour to match your surroundings (Stlth).
Your rubbery body absorbs attacks (AC +1).
You are somewhat resistant to further mutation.


Message History

You feel quick.
Nikola is engulfed in freezing vapours.
Nikola mumbles some strange words.
You hear a mighty clap of thunder!
The lightning arc hits the slime creature.
The lightning arc hits you!
The lightning arc hits the slime creature.
The slime creature dies!
The lightning arc hits you!
The lightning arc hits the slime creature.
The lightning arc hits you!
Unknown command.
Drink which item? (? for menu, Esc to quit)
You feel much better.
Nikola is engulfed in freezing vapours.
Nikola casts a spell.
You hear a mighty clap of thunder!
The lightning arc hits you!
* * * LOW HITPOINT WARNING * * *
The lightning arc hits the slime creature.
The lightning arc hits you!
You die...

#...§J§§@§...#
#....###§#####
#....###§###
#..........#
#.....J....#
##.........# #.........#
. #.........# ..
#......@..# .#
#.........# .#
#.........# .# ...
#.........# .# ......
#######'#### .# .......
.#..........##.#
.........#.............#
.........#..........####
......##.#..........#


You could see Nikola and a slime creature.

Vanquished Creatures
  A dire elephant (Lair:8)
  Snorg (D:15)
  A minotaur (Lab)
  Fannar (D:11)
  10 hydras
  Harold (D:10)
  Erica (D:15)
  13 death yaks
  A centaur warrior (D:13)
  Urug (D:11)
  Nergalle (Lair:4)
  A sun demon (Lair:8)
  3 unseen horrors
  4 lindwurms (Lair:5)
  A wizard (Lair:8)
  Joseph (D:9)
  7 hill giants
  4 cyclopes
  9 elephants
  2 griffons
  An orange demon (Lair:8)
  2 black mambas
  A feature mimic (D:9)
  An item mimic (Lair:1)
  A smoke demon (Lair:8)
  10 spiny frogs
  4 fire drakes
  A red devil (Lair:8)
  7 hellwings (Lair:8)
  A spriggan (D:8)
  Sonja (D:15)
  10 blink frogs
  12 komodo dragons
  Prince Ribbit (D:7)
  2 basilisks
  2 boulder beetles (Lair:8)
  A two-headed ogre (D:12)
  13 slime creatures
  49 yaks
  A griffon skeleton (D:14)
  3 sharks (D:11)
  A hill giant zombie (D:15)
  4 ugly things (D:13)
  An elephant slug (Lair:8)
  10 hippogriffs
  A manticore (D:15)
  A deep elf fighter (D:11)
  3 vampire mosquitoes (D:12)
  2 wraiths (D:13)
  A hill giant skeleton (D:13)
  A hungry ghost (D:10)
  7 wolves
  5 sky beasts
  10 porcupines
  6 giant goldfish (Lair:6)
  A yellow wasp (D:9)
  4 ice beasts
  7 orc warriors
  3 phantoms
  4 ogres
  18 crocodiles
  2 rotting devils (Lair:8)
  2 boring beetles (Lair:8)
  13 centaurs
  16 water moccasins
  24 giant frogs
  7 giant slugs
  5 human zombies (D:13)
  Blork the orc (D:9)
  A big kobold (D:13)
  4 agate snails
  9 wights
  3 jellyfish (Lair:6)
  A hippogriff zombie (D:9)
  A troll skeleton (D:13)
  A hippogriff skeleton (D:12)
  6 killer bees (D:12)
  A quasit (D:8)
  8 crimson imps
  4 electric eels
  A goliath beetle (D:7)
  A giant frog zombie (D:13)
  11 orc priests
  A giant frog skeleton (D:9)
  4 big fish
  10 iguanas
  A basilisk skeleton (D:15)
  4 scorpions
  17 hounds
  11 worker ants
  15 orc wizards
  10 sheep
  A mottled dragon skeleton (D:12)
  10 jellies
  2 mummies (D:13)
  A worker ant zombie (D:10)
  12 adders
  5 giant centipedes
  3 gnolls (D:10)
  54 green rats
  An inept item mimic (D:9)
  A giant mite (D:7)
  An inept feature mimic (D:3)
  5 worms
  An adder zombie (D:8)
  A giant centipede zombie (D:13)
  2 iguana skeletons
  A giant eyeball (D:6)
  4 giant geckos
  An ooze (Lair:6)
  50 orcs
  28 bats
  A bat skeleton (D:5)
  6 giant cockroaches
  18 goblins
  16 hobgoblins
  2 ball pythons
  A giant gecko skeleton (D:6)
  8 giant newts
  A giant spore (D:12)
  A human skeleton (D:13)
  11 jackals
  24 kobolds
  A kobold skeleton (D:5)
  An orc skeleton (D:5)
  2 orc zombies (D:13)
  10 quokkas
  41 rats
  A rat skeleton (D:7)
  3 ballistomycetes (D:12)
  2 fungi
  2 plants (Lair:8)
809 creatures vanquished.

Vanquished Creatures (others)
  A slime creature (D:15)
  6 fungi (Lair:8)
7 creatures vanquished.

Grand Total: 816 creatures vanquished

Notes
Turn   | Place    | Note
--------------------------------------------------------------
     0 | D:1      | JacquesDerrida, the Octopode Air Elementalist, began the quest for the Orb.
     0 | D:1      | Reached XP level 1. HP: 11/11 MP: 3/3
   189 | D:1      | Reached XP level 2. HP: 12/17 MP: 4/4
   810 | D:1      | Reached XP level 3. HP: 21/21 MP: 6/6
  1061 | D:2      | Learned a level 2 spell: Repel Missiles
  1064 | D:2      | Learned a level 2 spell: Swiftness
  1557 | D:2      | Reached XP level 4. HP: 27/27 MP: 8/8
  1587 | D:2      | Found an ancient bone altar of Kikubaaqudgha.
  1587 | D:2      | Found a blossoming altar of Fedhas.
  2536 | D:3      | Reached XP level 5. HP: 25/31 MP: 5/10
  3153 | D:4      | Found a staircase to the Ecumenical Temple.
  3167 | Temple   | Entered the Ecumenical Temple
  3230 | Temple   | Became a worshipper of Sif Muna the Loreminder
  3351 | D:4      | Reached skill level 4 in Air Magic
  3397 | D:4      | Reached XP level 6. HP: 36/36 MP: 9/12
  3587 | D:4      | Learned a level 3 spell: Flight
  3738 | D:5      | Entered Level 5 of the Dungeon
  3944 | D:5      | Acquired Sif Muna's first power
  3944 | D:5      | Reached skill level 5 in Conjurations
  3944 | D:5      | Reached skill level 5 in Air Magic
  3944 | D:5      | Reached XP level 7. HP: 34/41 MP: 10/13
  4627 | D:5      | Learned a level 5 spell: Lightning Bolt
  4839 | D:6      | Reached skill level 6 in Conjurations
  4928 | D:6      | Reached XP level 8. HP: 46/46 MP: 10/18
  5082 | D:6      | Got a transparent war axe
  5084 | D:6      | Identified the +1,+8 war axe of the Ancient Seas {vamp, Contam +Rage rPois rC+ MR+ Int+2 Stlth+} (You found it on level 6 of the Dungeon)
  5126 | D:6      | Found a sparkling altar of Nemelex Xobeh.
  5232 | D:6      | Acquired Sif Muna's second power
  5400 | D:6      | Found a burning altar of Makhleb.
  5473 | D:7      | Reached skill level 5 in Spellcasting
  5473 | D:7      | Reached skill level 7 in Conjurations
  5788 | D:7      | Reached XP level 9. HP: 28/51 MP: 17/21
  5875 | D:6      | Identified a scroll of acquirement
  5902 | D:7      | Noticed Prince Ribbit
  5979 | D:6      | Gained mutation: You are somewhat resistant to further mutation. [potion of mutation]
  5984 | D:6      | Learned a level 3 spell: Static Discharge
  5997 | D:7      | Killed Prince Ribbit
  6541 | D:7      | Found a snail-covered altar of Cheibriados.
  6589 | D:8      | Found a staircase to the Orcish Mines.
  6697 | D:8      | Learned a level 3 spell: Mephitic Cloud
  6732 | D:8      | Acquired Sif Muna's third power
  6972 | D:8      | Noticed a spriggan baker
  6983 | D:8      | Killed a spriggan baker
  7202 | D:8      | Found Zin's Purification Station.
  7206 | D:8      | Found a glowing silver altar of Zin.
  7254 | D:8      | Found a bloodstained altar of Trog.
  7255 | D:8      | Found an iron altar of Okawaru.
  7469 | D:9      | Killed an escape hatch mimic
  7469 | D:9      | Reached skill level 8 in Spellcasting
  7469 | D:9      | Reached XP level 10. HP: 26/56 MP: 17/25
  7471 | D:9      | Noticed Blork the orc
  7482 | D:9      | Killed Blork the orc
  8196 | D:9      | Noticed Joseph
  8225 | D:9      | Killed Joseph
  8595 | D:9      | Reached skill level 9 in Air Magic
  9070 | D:9      | Reached skill level 1 in Invocations
  9418 | D:10     | Entered Level 10 of the Dungeon
  9545 | D:10     | Noticed a hill giant
  9550 | D:10     | Killed a hill giant
  9550 | D:10     | Reached skill level 5 in Invocations
  9550 | D:10     | Reached XP level 11. HP: 61/61 MP: 16/26
  9631 | D:10     | Noticed a hill giant
  9646 | D:10     | Killed a hill giant
  9727 | D:10     | Received a gift from Sif Muna
  9728 | D:10     | Identified Sif Muna's Collected Works on Lightness (Sif Muna gifted it to you on level 10 of the Dungeon)
  9758 | D:10     | Learned a level 6 spell: Poisonous Cloud
  9813 | D:10     | Reached skill level 1 in Poison Magic
  9831 | D:10     | Noticed a cyclops
  9890 | D:10     | Killed a cyclops
  9966 | D:10     | Noticed a hill giant
  9980 | D:10     | Killed a hill giant
 10102 | D:10     | Reached skill level 5 in Poison Magic
 10178 | D:10     | Noticed Harold
 10204 | D:10     | Killed Harold
 10609 | D:11     | Found a staircase to the Lair.
 10732 | D:11     | Got a crude glass ring
 10734 | D:11     | Identified the ring of Darkness {Dex+5 Int-1} (You acquired it on level 11 of the Dungeon)
 10802 | D:11     | Noticed Fannar
 10839 | D:11     | Killed Fannar
 10947 | D:11     | Noticed Urug
 10977 | D:11     | Killed Urug
 10977 | D:11     | Received a gift from Sif Muna
 10977 | D:11     | Reached skill level 10 in Conjurations
 10977 | D:11     | Reached skill level 10 in Air Magic
 10978 | D:11     | Identified Sif Muna's Almanac of Cloudy Conjuration (Sif Muna gifted it to you on level 11 of the Dungeon)
 11011 | D:11     | Noticed a hill giant
 11018 | D:11     | Reached XP level 12. HP: 66/66 MP: 28/28
 11044 | D:11     | Killed a hill giant
 11174 | D:11     | JacquesDerrida: Блядь!
 11710 | Lair:1   | Entered Level 1 of the Lair of Beasts
 11933 | Lair:1   | Noticed a seven-headed hydra
 11970 | Lair:1   | Killed a seven-headed hydra
 12433 | Lair:1   | Reached skill level 11 in Conjurations
 13867 | Lair:3   | Received a gift from Sif Muna
 13875 | Lair:3   | Identified Sif Muna's Papyrus of the Excruciating Birds (Sif Muna gifted it to you on level 3 of the Lair of Beasts)
 14254 | Lair:3   | Noticed an eight-headed hydra
 14265 | Lair:3   | Killed an eight-headed hydra
 14354 | Lair:3   | Found a staircase to the Shoals.
 14683 | Lair:4   | Reached skill level 12 in Conjurations
 14736 | Lair:4   | Noticed a death yak
 14762 | Lair:4   | Noticed a death yak
 14764 | Lair:4   | Noticed a death yak
 14922 | Lair:4   | Killed a death yak
 14922 | Lair:4   | Reached XP level 13. HP: 71/71 MP: 3/29
 14930 | Lair:4   | Killed a death yak
 14953 | Lair:4   | Killed a death yak
 15210 | Lair:4   | Noticed Nergalle
 15224 | Lair:4   | Killed Nergalle
 15405 | Lair:4   | Found a staircase to the Snake Pit.
 15651 | Lair:4   | Received a gift from Sif Muna
 15662 | Lair:4   | Identified Sif Muna's Collected Works on Flamy Attacks (Sif Muna gifted it to you on level 4 of the Lair of Beasts)
 15909 | Lair:5   | Found a labyrinth entrance.
 15918 | Lab      | Entered a labyrinth
 16370 | Lab      | Noticed a minotaur
 16393 | Lab      | Killed a minotaur
 16444 | Lab      | Identified Aizul's Handbook of Excruciating Contamination (You found it in a labyrinth)
 16450 | Lab      | Got an ancient leather armour
 16651 | Lair:5   | Reached skill level 13 in Conjurations
 16654 | Lair:5   | Reached skill level 10 in Spellcasting
 16964 | Lair:5   | Identified the +2 leather armour "Brit" {Dex+2 Int+1} (You found it in a labyrinth)
 17908 | Lair:6   | Received a gift from Sif Muna
 17920 | Lair:6   | Identified Sif Muna's Tome of Burning Combat Magic (Sif Muna gifted it to you on level 6 of the Lair of Beasts)
 18154 | Lair:6   | Found a staircase to the Slime Pits.
 18568 | Lair:7   | Reached skill level 14 in Conjurations
 18568 | Lair:7   | Reached XP level 14. HP: 55/76 MP: 19/31
 19737 | Lair:8   | Entered Level 8 of the Lair of Beasts
 20534 | Lair:8   | Received a gift from Sif Muna
 20535 | Lair:8   | Identified Sif Muna's Almanac of Contamination (Sif Muna gifted it to you on level 8 of the Lair of Beasts)
 21039 | Lair:8   | Reached skill level 15 in Conjurations
 21338 | Lair:8   | Learned a level 6 spell: Freezing Cloud
 21338 | Lair:8   | Found a burning altar of Makhleb.
 21343 | Lair:8   | Reached skill level 1 in Ice Magic
 21383 | Lair:8   | Found a gateway to Hell.
 22264 | Lair:1   | Learned a level 8 spell: Chain Lightning
 22480 | D:12     | stonewall: Уныыыылое утро
 22485 | D:12     | JacquesDerrida: Почему
 22485 | D:12     | JacquesDerrida: Бодрячком
 22485 | D:12     | stonewall: Дождь
 22485 | D:12     | JacquesDerrida: D: D: D:
 22485 | D:12     | JacquesDerrida: Хотеть дождь
 22485 | D:12     | JacquesDerrida: Тут опять солнце!
 22485 | D:12     | JacquesDerrida: Слишком солнечный город!
 22485 | D:12     | JacquesDerrida: Два месяца мук -- каждый день солнце
 22485 | D:12     | stonewall: Ночью мумию-монаха убил в ваултах, пичал
 22485 | D:12     | JacquesDerrida: Хе-хе
 22485 | D:12     | stonewall: Тупой урод лесенки заблочил
 22485 | D:12     | JacquesDerrida: Пора переходить на гуля
 22485 | D:12     | stonewall: А я телепортнулся
 22485 | D:12     | stonewall: И палка закончилась
 22485 | D:12     | JacquesDerrida: Сегодня будет хороший день, я чувствую
 22485 | D:12     | JacquesDerrida: Я вчера видел кучу пьяных бомжей лежавших у стены с надписью НОУ МАНИ НОУ ПРАБЛЕМС
 22485 | D:12     | JacquesDerrida: Это знак
 22485 | D:12     | JacquesDerrida: Знак, что будет хорошо
 22490 | D:12     | stonewall: Я уже ~2 недели из дома не выходил
 22490 | D:12     | Reached XP level 15. HP: 81/81 MP: 24/32
 22495 | D:12     | JacquesDerrida: А чово так
 22495 | D:12     | JacquesDerrida: Зря
 22585 | D:12     | stonewall: Удобно с рпойс
 22587 | D:12     | JacquesDerrida: Чейн лайтнинг
 22587 | D:12     | JacquesDerrida: Хотет
 22587 | D:12     | stonewall: Ну все, ты подебил
 22587 | D:12     | JacquesDerrida: Но рэлек бы не помешал
 22601 | D:12     | Received a gift from Sif Muna
 22602 | D:12     | stonewall: Я сегодня николу без релека убил
 22602 | D:12     | Identified Sif Muna's Handbook of Blistering Conjuration (Sif Muna gifted it to you on level 12 of the Dungeon)
 22643 | D:12     | JacquesDerrida: Спид ран
 22643 | D:12     | stonewall: Он такой-то цундере, то ваншотит, то 15 хп всего снимае
 22643 | D:12     | stonewall: т
 22643 | D:12     | JacquesDerrida: Надо убить николу чейн лайтнингом без резистенса
 22643 | D:12     | JacquesDerrida: Тогда игра пройдена
 22661 | D:12     | stonewall: Лучше керебова убить его же фаерштормом
 22712 | D:12     | JacquesDerrida: Не то выпил
 22712 | D:12     | JacquesDerrida: Хе-хе
 23017 | D:12     | Identified the Grimoire of Bewitchment
 23345 | D:12     | JacquesDerrida: Не хочу к оркам без чейна
 23345 | D:12     | JacquesDerrida: будет не весело
 23642 | D:13     | Found a basalt altar of Yredelemnul.
 23771 | D:13     | Got a slimy iron amulet
 23773 | D:13     | Identified the amulet "Eromein" {rCorr Stlth+} (You acquired it on level 13 of the Dungeon)
 23774 | D:13     | JacquesDerrida: щииииет
 23802 | D:13     | Found a white marble altar of Elyvilon.
 24359 | D:14     | Entered Level 14 of the Dungeon
 24801 | D:14     | JacquesDerrida: Не та кнопка
 24801 | D:14     | JacquesDerrida: Уупс!
 24801 | D:14     | JacquesDerrida: Но было клеви
 24976 | D:14     | Reached skill level 15 in Air Magic
 24990 | D:14     | JacquesDerrida: Слабовато!
 25040 | D:14     | JacquesDerrida: Ничего не видно из-за солнца
 25040 | D:14     | JacquesDerrida: Надо пересесть!
 25264 | D:14     | Found Pomoufeo's Distillery.
 25272 | D:14     | Bought a potion of heal wounds for 36 gold pieces
 25272 | D:14     | Bought a potion of heal wounds for 36 gold pieces
 25272 | D:14     | Bought a potion of brilliance for 30 gold pieces
 25294 | D:15     | Entered Level 15 of the Dungeon
 25380 | D:15     | Noticed Snorg
 25396 | D:15     | Killed Snorg
 25396 | D:15     | Reached skill level 16 in Conjurations
 25640 | D:15     | Noticed Erica
 25655 | D:15     | Killed Erica
 25796 | D:15     | Noticed Nikola
 25797 | D:15     | JacquesDerrida: О!
 25797 | D:15     | JacquesDerrida: Битва титанов!
 25797 | D:15     | JacquesDerrida: И резиста нет!
 25846 | D:15     | Noticed Sonja
 25847 | D:15     | JacquesDerrida: щииииет
 25852 | D:15     | Killed Sonja
 25946 | D:15     | Killed from afar by Nikola

Action                   |  1- 3 |  4- 6 |  7- 9 | 10-12 | 13-15 || total
-------------------------+-------+-------+-------+-------+-------++-------
Melee: Unarmed           |    25 |       |       |       |       ||    25
       Dagger            |     6 |    33 |       |       |       ||    39
       Short sword       |       |    13 |    26 |       |       ||    39
       War axe           |       |       |    59 |   130 |   196 ||   385
 Cast: Shock             |    67 |   107 |   254 |   401 |   238 ||  1067
       Repel Missiles    |     1 |     1 |       |    16 |    16 ||    34
       Swiftness         |       |     2 |     1 |    19 |    31 ||    53
       Static Discharge  |       |       |     9 |    34 |    37 ||    80
       Mephitic Cloud    |       |       |     1 |    10 |     1 ||    12
       Lightning Bolt    |       |       |       |    84 |    67 ||   151
       Poisonous Cloud   |       |       |       |    48 |   234 ||   282
       Flight            |       |       |       |     1 |     7 ||     8
       Freezing Cloud    |       |       |       |       |    32 ||    32
       Chain Lightning   |       |       |       |       |     4 ||     4
Invok: Channel Energy    |       |       |     2 |   307 |   630 ||   939
       Forget Spell      |       |       |       |       |     1 ||     1
Evoke: Wand              |       |     1 |     8 |     5 |     1 ||    15
  Use: Scroll            |       |     4 |    20 |    10 |     9 ||    43
       Potion            |       |     3 |     9 |     6 |    14 ||    32
 Stab: Sleeping          |     3 |     2 |     3 |     6 |     8 ||    22
       Distracted        |       |       |       |       |     1 ||     1
